 Dungeon Crawl Stone Soup version 0.29-a0-330-g52719c12eb (webtiles) character file.

Game seed: 5034183539565493927

2661 Aelig the Summoner (level 9, -3/58 HPs)
             Began as a Mummy Summoner on May 11, 2022.
             Was a Follower of Sif Muna.
             Slain by an orc warrior
             ... wielding a +2 vorpal glaive
              (20 damage)
             ... on level 8 of the Dungeon.
             The game lasted 00:26:47 (7369 turns).

Aelig the Summoner (Mummy Summoner)                 Turns: 7369, Time: 00:26:48

Health: -3/58      AC:  8    Str: 12    XL:     9   Next: 36%
Magic:  16/18      EV: 11    Int: 20    God:    Sif Muna [*.....]
Gold:   435        SH:  0    Dex: 12    Spells: 11/20 levels left

rFire   + . .      SeeInvis .   a - +5 trident of True Grit {vamp, rElec rF+ Stlth+}
rCold   + . .      Faith    .   (no shield)
rNeg    + + +      Spirit   .   t - +1 leather armour "Xaidghedgh" {rC+ Regen+ Int+2}
rPois   ∞          Reflect  .   d - +0 helmet
rElec   +          Harm     .   o - +0 cloak
rCorr   .          Rampage  .   j - +1 pair of gloves
Will    ++...                   (no boots)
Stlth   ++........              (no amulet)
HPRegen 0.99/turn               l - ring of willpower
MPRegen 0.16/turn               i - ring of fire

@: no status effects
A: cold resistance 1, negative energy resistance 3, torment resistance 2, heat
vulnerability 1, in touch with death 1, no potions
a: Renounce Religion, Channel Magic


You were on level 8 of the Dungeon.
You worshipped Sif Muna.
Sif Muna was aware of your devotion.
You visited 2 branches of the dungeon, and saw 9 of its levels.

You collected 435 gold pieces.

Inventory:

Hand Weapons
 a - the +5 trident of True Grit (weapon) {vamp, rElec rF+ Stlth+}
   (You found it on level 8 of the Dungeon)

   It occasionally heals its wielder for a portion of the damage dealt when it
   wounds a living foe.
   rF:        It protects you from fire.
   rElec:     It insulates you from electricity.
   Stlth:     It makes you more stealthy.
 b - a +2 dagger of electrocution
Missiles
 c - 399 stones
Armour
 d - a +0 helmet (worn)
 j - a +1 pair of gloves (worn)
 k - a scarf of invisibility
 o - a +0 cloak (worn)
 t - the +1 leather armour "Xaidghedgh" (worn) {rC+ Regen+ Int+2}
   (You found it on level 4 of the Dungeon)

   Int:       It affects your intelligence (+2).
   rC:        It protects you from cold.
   Regen:     It increases your rate of health regeneration.
 v - a +2 leather armour of fire resistance
 x - a +0 kite shield
Jewellery
 i - a ring of fire (right hand)
 l - a ring of willpower (left hand)
 s - a ring of flight
Wands
 g - a wand of flame (28)
 p - a wand of polymorph (6)
 u - a wand of iceblast (23)
 z - a wand of digging (18)
 B - a wand of acid (8)
Scrolls
 e - a scroll of noise {unknown}
 f - a scroll of fog
 h - 2 scrolls of magic mapping
 m - a scroll of fear {unknown}
 n - 2 scrolls of teleportation
 q - 2 scrolls of amnesia
 r - 3 scrolls of brand weapon
 w - a scroll of holy word
 y - a scroll of enchant armour
 A - a scroll of enchant weapon {unknown}
 C - 2 scrolls of immolation


   Skills:
 + Level 0.8 Fighting
 + Level 0.2 Polearms
 - Level 1.5 Dodging
 - Level 1.5 Stealth
 + Level 6.3 Spellcasting
 - Level 10.0 Summonings
 + Level 3.3 Invocations


You had 11 spell levels left.
You knew the following spells:

 Your Spells              Type           Power      Damage    Failure   Level
a - Summon Small Mammal   Summ           100%       N/A       1%          1
b - Call Imp              Summ           46%        N/A       1%          2
c - Call Canine Familiar  Summ           46%        N/A       1%          3
d - Summon Guardian Gole  Hex/Summ       26%        N/A       4%          3

Your spell library contained the following spells:

 Spells                   Type           Power      Damage    Failure   Level
 Foxfire                  Conj/Fire      36%        2x1d5     13%         1
 Shock                    Conj/Air       24%        1d4       13%         1
 Summon Lightning Spire   Summ/Air       26%        N/A       16%         4
 Ensorcelled Hibernation  Hex/Ice        12%        N/A       19%         2
 Conjure Flame            Conj/Fire      9%         6-21      36%         3
 Inner Flame              Hex/Fire       9%         N/A       36%         3
 Swiftness                Air            6%         N/A       36%         3
 Airstrike                Air            3%         N/A       77%         4
 Anguish                  Hex/Necr       4%         N/A       77%         4
 Flame Wave               Conj/Fire      9%         2d5       77%         4
 Summon Hydra             Summ           23%        N/A       87%         7
 Sublimation of Blood     Necr           Unusable   N/A       N/A         2
 Wereblood                Tmut           Unusable   N/A       N/A         2
 Spider Form              Tmut/Pois      Unusable   N/A       N/A         3

Dungeon Overview and Level Annotations

Branches:
Dungeon (8/15)             Temple (1/1) D:5
   Lair: D:8-11

Altars:
Ashenzari
Cheibriados
Dithmenos
Elyvilon
Hepliaklqana
Kikubaaqudgha
Makhleb
Nemelex Xobeh
Okawaru
Qazlal
Ru
Sif Muna
Trog
Uskayaw
Vehumet
Wu Jian
Xom
Yredelemnul
Zin
The Shining One

Shops:
D:6 [   D:7 (

Annotations:
D:5 2 transporters, Ajdolov's ghost, amateur VSHu


Innate Abilities, Weirdness & Mutations

You are immune to poison.
Your flesh is cold resistant. (rC+)
You are immune to negative energy. (rN+++)
You are immune to unholy pain and torment.
You are vulnerable to heat. (rF-)
You are in touch with the powers of death.
You do not drink.


Message History

You hit the orc.
You kill the orc!
Sif Muna accepts your kill.
An orc warrior comes into view. It is wielding a +2 vorpal glaive.
You swap places.
Things that are here:
a +0 whip of draining; a +0 leather armour Your crimson imp blinks!
The orc warrior hits you from afar with a +2 vorpal glaive!
There is an open door here.
Your wolf bites the orc warrior.
The orc warrior barely misses your wolf.
Your wolf bites the orc warrior.
Casting: Summon Guardian Golem (dangerous; 4% risk of failure)
Confirm with . or Enter, or press ? or * to list all spells.
A guardian golem appears, shielding your allies.
Your wolf barely misses the orc warrior.
Your crimson imp hits the orc warrior.
Your wolf bites the orc warrior but does no damage.
Your crimson imp hits the orc warrior but does no damage.
Your wolf bites the orc warrior!
Your crimson imp hits the orc warrior but does no damage.
Reach: a) +5 trident of True Grit {vamp, rElec rF+ Stlth+}
Press: ? - help, Dir - move target, f - orc warrior
Aim: an orc warrior, wielding a +2 vorpal glaive and wearing a +0 plate armour (severely wounded, ally target, about 38% to evade the +5 trident of True Grit)
You reach to attack!
You hit the orc warrior but do no damage.
The orc warrior is severely wounded.
Your wolf disappears in a puff of smoke!
The orc warrior hits you from afar with a +2 vorpal glaive!
Your crimson imp blinks!
Reach: a) +5 trident of True Grit {vamp, rElec rF+ Stlth+}
Press: ? - help, Dir - move target, f/p - orc warrior
Aim: an orc warrior, wielding a +2 vorpal glaive and wearing a +0 plate armour (severely wounded, ally target, about 38% to evade the +5 trident of True Grit)
You reach to attack!
You barely miss the orc warrior.
The orc warrior is severely wounded.
The orc warrior hits you from afar with a +2 vorpal glaive!
* * * LOW HITPOINT WARNING * * *
The orc warrior hits you from afar with a +2 vorpal glaive!!
You die...

####### #...... ###### #......
###########.§..###########......
#.........'.9o.@5............)).
#.#####.).#.§..###########..[...
#.# #...###### #.[.#.).... ##.#
#...# #...#...... ...# #...#
#...#######
#..#####...############...####
#.>....)).)...............'..#
...#.###..)############...##.##
##.#.# #...# #...##..#


You could see an orc warrior (ally target), a friendly guardian golem (summoned)
and a friendly crimson imp (summoned, sheltered).

Vanquished Creatures
  Menkaure (D:4)
  An ogre (D:4)
  2 centaurs
  3 phantoms
  A gnoll sergeant (D:7)
  A necrophage (D:6)
  A scorpion (D:4)
  A wight (D:6)
  A hound (D:6)
  2 orc priests
  Ijyb (D:5)
  An iguana (D:4)
  Robin (D:4)
  3 adders
  A white imp (D:5)
  2 worms
  6 orcs
  7 ball pythons
  2 bats
  5 endoplasms
  2 giant cockroaches (D:1)
  4 goblins
  6 hobgoblins
  2 quokkas
  2 frilled lizards (D:2)
  2 kobolds
  A rat (D:3)
62 creatures vanquished.

Vanquished Creatures (collateral kills)
  Sigmund (D:4)
  A water moccasin (D:7)
  An ice beast (D:5)
  A black bear (D:7)
  A sky beast (D:6)
  2 phantoms
  2 bullfrogs
  A gnoll sergeant (D:8)
  A necrophage (D:5)
  A scorpion (D:6)
  2 wights (D:6)
  An electric eel (D:6)
  2 hounds
  A jelly (D:8)
  An orc priest (D:4)
  2 iguanas
  2 orc wizards
  7 gnolls
  6 adders
  A shadow imp (D:7)
  An ufetubus (D:6)
  8 orcs
  5 endoplasms
  A giant cockroach (D:3)
  11 goblins
  A hobgoblin (D:1)
  2 kobolds
  2 quokkas
  A ball python (D:4)
  2 bats (D:3)
  2 frilled lizards
  A rat (D:3)
74 creatures vanquished.

Vanquished Creatures (others)
  2 wights (D:7)
  A gnoll (D:8)
3 creatures vanquished.

Grand Total: 139 creatures vanquished

Notes
Turn   | Place    | Note
-------+----------+-------------------------------------------
     0 | D:1      | Aelig the Mummy Summoner began the quest for the Orb.
     0 | D:1      | Reached XP level 1. HP: 13/13 MP: 4/4
   193 | D:1      | Reached XP level 2. HP: 15/19 MP: 3/6
   255 | D:1      | Learned a level 2 spell: Call Imp
   433 | D:1      | Found a faded altar of an unknown god.
  1306 | D:2      | Reached skill level 4 in Summonings
  1318 | D:2      | Gained mutation: You are in touch with the powers of death.
                  | [Mummy growth]
  1318 | D:2      | Reached XP level 3. HP: 23/24 MP: 5/7
  1322 | D:2      | Learned a level 3 spell: Call Canine Familiar
  1571 | D:2      | Reached XP level 4. HP: 30/30 MP: 3/8
  2141 | D:3      | Found a shadowy altar of Dithmenos.
  2143 | D:3      | Found a sparkling altar of Nemelex Xobeh.
  2143 | D:3      | Found a hide-covered altar of Uskayaw.
  2145 | D:3      | Found a hide-covered altar of Uskayaw.
  2145 | D:3      | Found a shimmering altar of Xom.
  2145 | D:3      | Found an opulent altar of Gozag.
  2663 | D:3      | Reached skill level 5 in Summonings
  3082 | D:4      | Reached XP level 5. HP: 35/35 MP: 7/9
  3204 | D:4      | Noticed Sigmund
  3328 | D:4      | Reached skill level 6 in Summonings
  3328 | D:4      | Reached XP level 6. HP: 38/41 MP: 4/10
  3381 | D:4      | Noticed Menkaure
  3595 | D:4      | Killed Sigmund
  3596 | D:4      | Reached skill level 7 in Summonings
  3596 | D:4      | Reached XP level 7. HP: 46/46 MP: 9/11
  3608 | D:4      | Identified the +1 leather armour "Xaidghedgh" {rC+ Regen+
                  | Int+2}
  3629 | D:4      | Learned a level 3 spell: Summon Guardian Golem
  3678 | D:4      | Killed Menkaure
  3686 | D:4      | Found an iron altar of Okawaru.
  3873 | D:4      | Noticed Robin
  3884 | D:4      | Killed Robin
  4096 | D:5      | Entered Level 5 of the Dungeon
  4152 | D:5      | Reached skill level 8 in Summonings
  4272 | D:5      | Reached XP level 8. HP: 49/52 MP: 7/12
  4437 | D:5      | Found a transporter.
  4440 | D:5      | Found a transporter.
  4446 | D:5      | Found a sacrificial altar of Ru.
  4481 | D:5      | Found a staircase to the Ecumenical Temple.
  4517 | D:5      | Reached skill level 9 in Summonings
  4532 | Temple   | Entered the Ecumenical Temple
  4633 | Temple   | Became a worshipper of Sif Muna the Loreminder
  4777 | D:5      | Noticed Ijyb
  4781 | D:5      | Killed Ijyb
  4841 | D:5      | Noticed Ajdolov's ghost (amateur VSHu)
  5111 | D:6      | Found a sparkling altar of Nemelex Xobeh.
  5276 | D:6      | Found Ket Uck's Antique Armour Shop.
  5510 | D:6      | Reached skill level 1 in Invocations
  5904 | D:7      | Reached skill level 5 in Spellcasting
  6058 | D:6      | Reached XP level 9. HP: 17/57 MP: 2/16
  6292 | D:7      | Found Coamywas's Antique Weapon Emporium.
  6821 | D:7      | Found a shadowy altar of Dithmenos.
  7051 | D:8      | Reached * piety under Sif Muna
  7060 | D:8      | Identified the +5 trident of True Grit {vamp, rElec rF+
                  | Stlth+}
  7189 | D:8      | Reached skill level 10 in Summonings
  7369 | D:8      | Slain by an orc warrior

Illustrated notes

Levels and vault maps discovered:
D:1:      tarquinn_simple_flora_water_b, layout_basic,
          ebering_ecumenical_altar_ruins
D:2:      layout_basic
D:3:      layout_basic, doesnt_xom_only_xom
D:4:      nicolae_BIG_FREAKIN_CUBE, layout_basic, mainiacjoe_overflow_chevrons,
          uniq_menkaure, uniq_robin, uniq_sigmund
D:5:      layout_cave_pools, nicolae_ru_path_of_blood, temple_pool_b,
          gammafunk_ghost_smash, uniq_ijyb
D:6:      layout_basic, kennysheep_little_box, serial_shops,
          nicolae_diamond_shop, st_stairs_9, minivault_4
D:7:      layout_loops_cross, grunt_dithmenos_shadows, serial_shops,
          nicolae_take_the_stairs, minmay_increasing_density
D:8:      layout_basic, mainiacjoe_overflow_alcove_2
Temple:   eino_temple_scatter_basement

Skill      XL: |  1  2  3  4  5  6  7  8  9 |
---------------+----------------------------+-----
Spellcasting   | 3 5 6 |  6.3
Summonings     | 4 5 6 7 8 9 10 | 10.0
Invocations    | 2 3 |  3.3
Fighting       | |  0.8
Polearms       | |  0.2
Dodging        | |  1.5
Stealth        | |  1.5

Action                   |  1- 3 |  4- 6 |  7- 9 || total
-------------------------+-------+-------+-------++-------
Melee: Unarmed           |    11 |       |       ||    11
       Club              |    40 |       |       ||    40
       Dagger            |    24 |    49 |   142 ||   215
       Punch             |     1 |       |     2 ||     3
       Trident           |       |       |     5 ||     5
 Cast: Summon Small Mamm |    32 |    19 |    17 ||    68
       Call Imp          |     5 |    16 |    26 ||    47
       Call Canine Famil |     1 |     5 |    25 ||    31
       Summon Guardian G |       |       |     5 ||     5
  Use: Scroll            |       |     2 |     6 ||     8
 Stab: Distracted        |     1 |     1 |     4 ||     6
       Sleeping          |       |     2 |       ||     2
Armor: Robe              |    22 |    21 |       ||    43
       Leather armour    |       |       |    54 ||    54
Dodge: Dodged            |    54 |    26 |    77 ||   157

Table legend: (Time is in decaauts)
 A = Elapsed time spent in this place.
 B = Non-inter-level travel time spent in this place.
 C = Inter-level travel time spent in this place.
 D = Time resting spent in this place.
 E = Time spent auto-exploring this place.
 F = Levels seen in this place.
 G = Mean time per level.
                   A        B        C        D        E       F      G
               +--------+--------+--------+--------+--------+-----+--------+
         Total |   7387 |   7113 |    274 |    819 |   3489 |   9 |  820.8 |
       Dungeon |   7275 |   7010 |    265 |    819 |   3411 |   8 |  909.4 |
        Temple |    111 |    102 |      9 |      0 |     78 |   1 |  111.0 |
               +--------+--------+--------+--------+--------+-----+--------+

Top non-repeatable levels by time:
     D:1: 1145 daAuts
     D:3: 1068 daAuts
     D:6: 1048 daAuts
     D:4: 976 daAuts
     D:2: 917 daAuts
     D:7: 894 daAuts
     D:5: 793 daAuts
     D:8: 431 daAuts
  Temple: 111 daAuts
